 Dungeon Crawl Stone Soup version 0.30-a0-715-gdb4ae3ece1 (webtiles) character file.

Game seed: 16699130331566515574

5447 Newt the Cleaver (level 10, -9/76 HPs)
             Began as a Demonspawn Gladiator on Jan 23, 2023.
             Was a High Priest of Makhleb.
             Mangled by an ice devil (18 damage)
             ... on level 9 of the Dungeon.
             The game lasted 00:09:53 (9273 turns).

Newt the Cleaver (Demonspawn Gladiator)             Turns: 9273, Time: 00:09:53

Health: -9/76      AC: 16    Str: 20    XL:     10   Next: 41%
Magic:  23/23      EV: 11    Int:  9    God:    Makhleb [*****.]
Gold:   654        SH:  0    Dex: 22    Spells: 9/9 levels left

rFire   + . .      SeeInvis .    y - +7 battleaxe
rCold   . . .      Faith    .    (shield currently unavailable)
rNeg    + . .      Spirit   .    E - +3 scale mail "Bybut" {rF+ Str+2 Dex+6}
rPois   .          Reflect  .    c - +1 helmet
rElec   .          Harm     .    e - +0 cloak
rCorr   .          Rampage  .    (no gloves)
Will    .....                    (no boots)
Stlth   +                        o - amulet of regeneration
HPRegen 1.12/turn                m - ring of positive energy
MPRegen 0.18/turn                h - ring of magical power

@: slowed, very slow
A: hooves 1, thin metallic scales 1, demonic guardian 2, powered by death 1
a: Renounce Religion, Minor Destruction, Lesser Servant of Makhleb, Major
Destruction, Greater Servant of Makhleb


You were on level 9 of the Dungeon.
You worshipped Makhleb.
Makhleb was extremely pleased with you.
You visited 1 branch of the dungeon, and saw 9 of its levels.

You collected 654 gold pieces.

Inventory:

Hand Weapons
 a - a +0 rapier
 d - a +1 whip of freezing
 j - a +2 war axe of freezing
 y - a +7 battleaxe (weapon)
 B - a +5 long sword
 H - a +0 halberd
Missiles
 g - 10 javelins
 n - 63 stones (quivered)
 C - a throwing net
Armour
 b - a +0 leather armour
 c - a +1 helmet (worn)
 e - a +0 cloak (worn)
 w - a +0 plate armour
 x - a +1 ring mail of willpower
 E - the +3 scale mail "Bybut" (worn) {rF+ Str+2 Dex+6}
   (You found it on level 9 of the Dungeon)

   Str:       It affects your strength (+2).
   Dex:       It affects your dexterity (+6).
   rF:        It protects you from fire.
Jewellery
 h - a ring of magical power (right hand)
 m - a ring of positive energy (left hand)
 o - an amulet of regeneration (around neck)
Wands
 q - a wand of polymorph (10)
 A - a wand of iceblast (12)
 F - a wand of mindburst (4)
Scrolls
 k - 3 scrolls of magic mapping
 p - 7 scrolls of teleportation
 r - 4 scrolls of fog
 s - 2 scrolls of immolation
 t - a scroll of enchant armour
 D - a scroll of identify
Potions
 f - 2 potions of brilliance
 i - 2 potions of magic
 l - 2 potions of attraction {unknown}
 v - 2 potions of might {unknown}
 z - 2 potions of flight {unknown}
 G - a potion of haste {unknown}


   Skills:
 - Level 6.0 Fighting
 - Level 2.6 Short Blades
 - Level 8.5(9.0) Axes
 - Level 4.0(6.7) Maces & Flails
 - Level 5.0 Throwing
 - Level 6.0 Armour
 - Level 2.6 Dodging
 - Level 2.0 Stealth
 + Level 6.5 Invocations


You had 9 spell levels left.
You didn't know any spells.
Your spell library contained the following spells:

 Spells                   Type           Power      Damage    Failure   Level
 Summon Small Mammal      Summ           0%         N/A       71%         1
 Static Discharge         Conj/Air       0%         2-2/arc   85%         2
 Call Canine Familiar     Summ           0%         N/A       97%         3
 Summon Guardian Golem    Hex/Summ       0%         N/A       97%         3
 Vhi's Electric Charge    Tloc/Air       0%         N/A       97%         3
 Arcjolt                  Conj/Air       0%         1d10      100%        5
 Lightning Bolt           Conj/Air       0%         1d11      100%        5


Dungeon Overview and Level Annotations

Branches:
Dungeon (9/15)             Temple (0/1) D:5
   Lair: D:8-11         Orc: D:9-12

Altars:
Dithmenos
Fedhas
Gozag
Makhleb
Nemelex Xobeh
Okawaru
Qazlal
Sif Muna
Trog
Uskayaw
Vehumet
Xom

Shops:
D:2 :


Innate Abilities, Weirdness & Mutations

You have large cloven feet.
You are partially covered in thin metallic scales. (AC +2)
A demonic guardian rushes to your aid.
You regenerate a little health from kills.


Message History

You slash the ice devil!
The ice devil is heavily wounded.
A white imp comes into view.
The white imp laughs crazily.
The ice devil hits you. The ice devil freezes you!
The freezing wraith hits you but does no damage.
The freezing wraith barely misses you.
The white imp shouts!
You slice the ice devil!!
You kick the ice devil, but do no damage.
The ice devil is almost dead.
You slash the white imp! You hit the freezing wraith.
The ice devil closely misses you. The freezing wraith hits you.
The freezing wraith freezes you! The freezing wraith barely misses you.
The white imp barely misses you.
You hit the ice devil but do no damage. Your kick misses the ice devil.
The ice devil is almost dead.
You closely miss the white imp. You slash the freezing wraith!
The ice devil hits you but does no damage.
The freezing wraith hits you but does no damage.
The freezing wraith hits you. The freezing wraith drains your vigour!
You feel yourself slow down. The ice devil closely misses you.
You hit the ice devil but do no damage.
The ice devil is almost dead.
You hit the ice devil but do no damage.
You hit the freezing wraith but do no damage.
The freezing wraith hits you. The freezing wraith freezes you!
The freezing wraith hits you but does no damage.
The ice devil hits you but does no damage.
The freezing wraith hits you!
* * * LOW HITPOINT WARNING * * *
A demonic guardian appears!
The freezing wraith freezes you!!
* * * LOW HITPOINT WARNING * * *
The freezing wraith barely misses you.
The ice devil hits you but does no damage.
Okay, then.
You feel better. The ice devil hits you.
* * * LOW HITPOINT WARNING * * *
The ice devil freezes you!!
You die...

. #~~_[....
..###############.~~~.###
.........................
.................#.......
........).)......#.......
.........†)......#.......
####''''##########.......
#..........##### #.......
........@4W..... ##......
...#~~#.4W5....# #.......
#..~##~4#5.##... #.......
#..~ ###~..# .. ##......
#.. ~..# . #....... ..
#... #....... ....
##...... ..#######.......
#.............


You could see 2 ice devils, 2 freezing wraiths, 2 white imps and a friendly
hellwing (summoned).

Vanquished Creatures
  Maurice (D:8)
  A steam dragon (D:9)
  A vampire mosquito (D:7)
  Menkaure (D:6)
  Edmund (D:5)
  An acid dragon (D:9)
  A water moccasin (D:8)
  An orc warrior (D:7)
  4 ice beasts
  2 sky beasts
  An ogre (D:6)
  2 phantoms (D:5)
  2 kobold brigands (D:9)
  5 bullfrogs
  A necrophage (D:3)
  2 gnoll sergeants
  2 scorpions
  12 wights
  6 killer bees
  A howler monkey (D:4)
  3 hounds
  A gnoll bouda (D:5)
  4 orc priests
  Crazy Yiuf (D:4)
  3 iguanas
  7 orc wizards
  Robin (D:4)
  14 gnolls
  8 adders
  6 white imps
  3 ufetubi
  3 worms
  20 orcs
  7 bats
  8 endoplasms
  6 giant cockroaches
  15 goblins
  6 hobgoblins
  7 jackals
  4 quokkas
  6 ball pythons
  11 kobolds
  3 rats
195 creatures vanquished.

Vanquished Creatures (collateral kills)
  Prince Ribbit (D:6)
  A water moccasin (D:7)
  An orc warrior (D:6)
  Duvessa (D:5)
  2 ice beasts (D:5)
  A centaur (D:9)
  A necrophage (D:7)
  Dowan (D:5)
  An iguana (D:5)
  An orc wizard (D:5)
  4 gnolls
  An ufetubus (D:5)
  5 orcs
  A rat (D:3)
22 creatures vanquished.

Grand Total: 217 creatures vanquished

Notes
Turn   | Place    | Note
-------+----------+-------------------------------------------
     0 | D:1      | Newt the Demonspawn Gladiator began the quest for the Orb.
     0 | D:1      | Reached XP level 1. HP: 16/16 MP: 1/1
    77 | D:1      | Found a faded altar of an unknown god.
    86 | D:1      | Reached skill level 1 in Stealth
    88 | D:1      | Prayed at the altar of an unknown god.
    88 | D:1      | Became a worshipper of Makhleb the Destroyer
    88 | D:1      | Reached * piety under Makhleb
   203 | D:1      | Gained mutation: You have large cloven feet. [demonic
                  | ancestry]
   203 | D:1      | Reached XP level 2. HP: 22/22 MP: 2/2
   878 | D:2      | Gained mutation: You are partially covered in thin metallic
                  | scales. (AC +2) [demonic ancestry]
   878 | D:2      | Reached XP level 3. HP: 25/28 MP: 3/3
   990 | D:2      | Gained mutation: A weak demonic guardian rushes to your
                  | aid. [demonic ancestry]
   990 | D:2      | Reached XP level 4. HP: 19/37 MP: 4/4
  1058 | D:2      | Reached ** piety under Makhleb
  1090 | D:2      | Found Paluithe's Book Shoppe.
  1953 | D:3      | Gained mutation: A demonic guardian rushes to your aid.
                  | [demonic ancestry]
  1953 | D:3      | Reached XP level 5. HP: 31/42 MP: 5/5
  2039 | D:3      | Found a shimmering blue altar of Sif Muna.
  2886 | D:3      | Gained mutation: You regenerate a little health from kills.
                  | [demonic ancestry]
  2886 | D:3      | Reached XP level 6. HP: 44/48 MP: 6/6
  2938 | D:3      | Found a sparkling altar of Nemelex Xobeh.
  3035 | D:3      | Reached skill level 5 in Throwing
  3138 | D:4      | Noticed Robin
  3139 | D:4      | Reached *** piety under Makhleb
  3290 | D:4      | Killed Robin
  3322 | D:4      | Found a stormy altar of Qazlal.
  3722 | D:4      | Reached skill level 5 in Fighting
  3820 | D:4      | Reached XP level 7. HP: 56/56 MP: 7/7
  3877 | D:4      | Found a runed translucent door.
  3878 | D:4      | Noticed Crazy Yiuf
  4155 | D:4      | Killed Crazy Yiuf
  4234 | D:5      | Entered Level 5 of the Dungeon
  4235 | D:5      | Found a staircase to the Ecumenical Temple.
  4265 | D:5      | Reached skill level 1 in Maces & Flails
  4334 | D:5      | Found a shimmering altar of Xom.
  4615 | D:5      | Noticed Edmund
  4658 | D:5      | Killed Edmund
  4659 | D:5      | Reached XP level 8. HP: 62/64 MP: 8/8
  4782 | D:5      | Noticed Duvessa
  4782 | D:5      | Noticed Dowan
  4796 | D:5      | Killed Dowan
  4797 | D:5      | Reached skill level 1 in Armour
  4799 | D:5      | HP: 3/64 [Duvessa/+0 short sword (8)]
  4801 | D:5      | HP: 1/64 [Duvessa/+0 short sword (4)]
  4803 | D:5      | Killed Duvessa
  5015 | D:5      | Reached **** piety under Makhleb
  5854 | D:6      | Reached skill level 5 in Armour
  6176 | D:6      | Noticed Menkaure
  6181 | D:6      | Killed Menkaure
  6226 | D:6      | Reached skill level 1 in Axes
  6316 | D:6      | Reached skill level 2 in Axes
  6324 | D:6      | Reached XP level 9. HP: 69/69 MP: 9/9
  6535 | D:6      | Found a radiant altar of Vehumet.
  6601 | D:6      | Reached skill level 3 in Axes
  6617 | D:6      | Noticed Prince Ribbit
  6638 | D:6      | Killed Prince Ribbit
  6639 | D:6      | Reached skill level 4 in Axes
  6715 | D:6      | Found an iron altar of Okawaru.
  7116 | D:7      | Reached skill level 5 in Axes
  7388 | D:7      | Reached skill level 6 in Axes
  7502 | D:7      | Found an opulent altar of Gozag.
  7590 | D:7      | Reached skill level 7 in Axes
  7600 | D:7      | Reached ***** piety under Makhleb
  7747 | D:8      | Noticed Maurice
  7754 | D:8      | Killed Maurice
  7755 | D:8      | Reached skill level 8 in Axes
  7755 | D:8      | Reached XP level 10. HP: 76/76 MP: 10/10
  7822 | D:8      | Found a bloodstained altar of Trog.
  8102 | D:8      | Reached skill level 1 in Invocations
  8273 | D:8      | Found a hide-covered altar of Uskayaw.
  8764 | D:9      | Found a shadowy altar of Dithmenos.
  8800 | D:9      | Identified the +3 scale mail "Bybut" {rF+ Str+2 Dex+6}
  8913 | D:9      | Reached skill level 5 in Invocations
  9184 | D:9      | Found a blossoming altar of Fedhas.
  9272 | D:9      | HP: 2/76 [freezing wraith (20)]
  9273 | D:9      | Mangled by an ice devil

Illustrated notes

Levels and vault maps discovered:
D:1:      dpeg_arrival_signposts, layout_basic,
          dreamdust_ecumenical_altar_statues, minmay_tromino_v4_a
D:2:      layout_loops_ring, serial_shops, shop
D:3:      layout_loops_ring, kennysheep_orc_sif_temple,
          mainiacjoe_overflow_tiny_flanked, nemelex_diamond_rough_becter,
          kennysheep_generic_room_11
D:4:      layout_cave_pools, grunt_qazlal_sundering, uniq_robin,
          uniq_crazy_yiuf_cottage
D:5:      minmay_razor_zed, layout_rooms, mainiacjoe_overflow_chevrons,
          minmay_temple_entry_large_hall, kennysheep_generic_room_10,
          uniq_duvessa, uniq_edmund
D:6:      layout_loops_ring, lemuel_doored_altar, fiery_altar_vehumet,
          uniq_menkaure, uniq_prince_ribbit1
D:7:      minmay_opposing_rooms, layout_basic, kennysheep_little_box
D:8:      layout_basic, trog_three_pillars_becter, lemuel_tele_altar,
          uniq_maurice
D:9:      layout_grid_maze, marbit_many_paths, fedhas_altar_2,
          hellmonk_guarded_unrand_frostbite

Skill      XL: |  1  2  3  4  5  6  7  8  9 10 |
---------------+-------------------------------+-----
Stealth        | 1 2 |  2.0
Fighting       | 3 4 5 6 |  6.0
Throwing       | 2 4 5 |  5.0
Maces & Flails | 4 |  4.0
Armour         | 6 |  6.0
Axes           | 2 8 |  8.5
Invocations    | 6 |  6.5
Short Blades   | |  2.6
Dodging        | |  2.6

Action                     |  1- 3 |  4- 6 |  7- 9 | 10-12 || total
---------------------------+-------+-------+-------+-------++-------
  Melee: Rapier            |    77 |    12 |       |       ||    89
         Kick              |     9 |    54 |   117 |    27 ||   207
         Punch             |     1 |     2 |     5 |       ||     8
         Whip              |       |   203 |   239 |       ||   442
         War axe           |       |       |    92 |       ||    92
         Battleaxe         |       |       |    34 |    83 ||   117
  Throw: Javelin           |     1 |     2 |     3 |       ||     6
         Throwing net      |     3 |     1 |       |       ||     4
         Stone             |       |     1 |    13 |       ||    14
    Use: Scroll            |     4 |     3 |    10 |     2 ||    19
         Potion            |       |       |     4 |     1 ||     5
   Stab: Sleeping          |     2 |     8 |     2 |       ||    12
         Held in net/web   |     1 |       |       |       ||     1
 Armour: Leather armour    |    27 |    92 |    72 |       ||   191
         Skin              |       |       |     6 |       ||     6
         Ring mail         |       |       |   107 |    22 ||   129
         Scale mail        |       |       |       |    34 ||    34
  Dodge: Dodged            |    46 |   140 |   254 |    67 ||   507

Table legend: (Time is in decaauts)
 A = Elapsed time spent in this place.
 B = Non-inter-level travel time spent in this place.
 C = Inter-level travel time spent in this place.
 D = Time resting spent in this place.
 E = Time spent auto-exploring this place.
 F = Levels seen in this place.
 G = Mean time per level.
                   A        B        C        D        E       F      G
               +--------+--------+--------+--------+--------+-----+--------+
         Total |   9355 |   8942 |    413 |   2037 |   5327 |   9 | 1039.4 |
       Dungeon |   9355 |   8942 |    413 |   2037 |   5327 |   9 | 1039.4 |
               +--------+--------+--------+--------+--------+-----+--------+

Top non-repeatable levels by time:
     D:5: 1405 daAuts
     D:3: 1346 daAuts
     D:6: 1338 daAuts
     D:4: 1121 daAuts
     D:2: 1095 daAuts
     D:8: 934 daAuts
     D:1: 852 daAuts
     D:7: 638 daAuts
     D:9: 624 daAuts
